 Dungeon Crawl Stone Soup version 0.30-a0-857-gcaf70739d4 (webtiles) character file.

Game seed: 1826479754929978691

23 jimonade the Magician (level 3, -4/28 HPs)
             Began as a Djinni Warper on Mar 6, 2023.
             Slain by a howler monkey (7 damage)
             ... on level 4 of the Dungeon.
             The game lasted 00:01:59 (1056 turns).

jimonade the Magician (Djinni Warper)               Turns: 1056, Time: 00:01:59

Health: -4/28      AC:  3    Str: 12    XL:     3   Next: 10%
Gold:   151        EV: 11    Int: 14    God:
                   SH:  0    Dex: 12

rFire   + + .      SeeInvis .    a - +0 short sword
rCold   x . .      Faith    .    (no shield)
rNeg    . . .      Spirit   .    b - +0 leather armour
rPois   ∞          Reflect  .    (helmet currently unavailable)
rElec   .          Rampage  .    (no cloak)
rCorr   .                        (no gloves)
Will    +....                    (boots unavailable)
Stlth   +                        (no amulet)
HPRegen 0.24/turn                f - ring of willpower
MPRegen 0.00/turn                (no ring)

@: appendages (expiring), flying
A: horns 2, flying, sickness immunity, fire resistance 2, cold vulnerability 1,
float, innate caster, HP casting, extra vitality 1
a: End Transformation


You were on level 4 of the Dungeon.
You had temporarily grown beastly horns.
You visited 1 branch of the dungeon, and saw 3 of its levels.

You collected 151 gold pieces.

Inventory:

Hand Weapons
 a - a +0 short sword (weapon)
 p - a +0 whip
Missiles
 d - 7 boomerangs of dispersal
 o - 20 stones
Armour
 b - a +0 leather armour (worn)
Jewellery
 f - a ring of willpower (left hand)
Scrolls
 c - a scroll of blinking
 g - 5 scrolls of noise {unknown}
 i - a scroll of vulnerability {unknown}
 l - a scroll of poison {unknown}
 m - 2 scrolls of enchant armour {unknown}
 n - a scroll of identify {unknown}
Potions
 e - 2 potions of degeneration {unknown}
 h - a potion of might {unknown}
 j - 2 potions of flight {unknown}
 k - 3 potions of heal wounds {unknown}


   Skills:
 - Level 2.0 Fighting
 - Level 1.7 Short Blades
 - Level 0.7 Throwing
 - Level 1.0 Armour
 - Level 2.1 Dodging
 + Level 3.2 Spellcasting


You knew the following spells:

 Your Spells              Type           Power      Damage    Failure   Level
a - Blink                 Tloc           22%        N/A       11%         2
b - Lesser Beckoning      Tloc           22%        N/A       11%         2
c - Vhi's Electric Charg  Tloc/Air       22%        N/A       22%         3
d - Teleport Other        Tloc           11%        N/A       22%         3
e - Manifold Assault      Tloc           11%        N/A       56%         4
f - Beastly Appendage     Tmut           22%        N/A       7%          1
Your spell library was empty.

Dungeon Overview and Level Annotations

Branches:
Dungeon (4/15)
 Temple: D:4-7

Altars:


Innate Abilities, Weirdness & Mutations

You have temporarily grown beastly horns.
You are flying.
You are immune to sickness and miasma.
You are immune to poison.
Your flesh is very heat resistant. (rF++)
You are vulnerable to cold. (rC-)
You float through the air rather than walking.
You learn spells naturally, not from books.
Your magical power is your life essence.
You have superior vitality. (+4 MHP)


Message History

The howler monkey is moderately wounded.
The howler monkey hits you! The howler monkey hits you.
You hit the howler monkey.
The howler monkey is heavily wounded.
The howler monkey hits you.
You are too injured to fight recklessly!
You are too injured to fight recklessly!
You are too injured to fight recklessly!
You closely miss the howler monkey. Your headbutt misses the howler monkey.
The howler monkey is heavily wounded.
You hear the slow rusting of a drain very nearby.
The howler monkey hits you.
* * * LOW HITPOINT WARNING * * *
You hit the howler monkey.
The howler monkey is severely wounded.
The howler monkey barely misses you.
You barely miss the howler monkey.
The howler monkey is severely wounded.
The howler monkey barely misses you.
You hit the howler monkey but do no damage.
The howler monkey is severely wounded.
Your transformation is almost over.
The howler monkey misses you.
You barely miss the howler monkey.
The howler monkey is severely wounded.
The howler monkey barely misses you.
You closely miss the howler monkey.
The howler monkey is severely wounded.
The howler monkey hits you!
* * * LOW HITPOINT WARNING * * *
You hit the howler monkey.
The howler monkey is severely wounded.
The howler monkey barely misses you.
You closely miss the howler monkey.
The howler monkey is severely wounded.
The howler monkey barely misses you.
You hit the howler monkey.
The howler monkey is almost dead.
The howler monkey hits you!
You die...

#...# #.....####.#
#...###..........#
###.....##.....>.#
##...###########
#...## ### ##...#
.... ###.# .....
######.###<.....
#.......@h......
#.#.##.##....... #
#.# ....... ..#
....... ....
......# ...>.
.###..# ...... ..
... #.......## ..


You could see a howler monkey.

Vanquished Creatures
  A worm (D:2)
  A dart slug (D:1)
  An endoplasm (D:2)
  A giant cockroach (D:1)
  A goblin (D:4)
  A hobgoblin (D:2)
  A quokka (D:1)
  3 bats
  5 frilled lizards
  3 kobolds
  A rat (D:1)
19 creatures vanquished.

Vanquished Creatures (others)
  4 fungi (D:1)
  5 toadstools (D:1)
9 creatures vanquished.

Grand Total: 28 creatures vanquished

Notes
Turn   | Place    | Note
-------+----------+-------------------------------------------
     0 | D:1      | jimonade the Djinni Warper began the quest for the Orb.
     0 | D:1      | jimonade set off with the following spells memorised:
                  | Blink, Lesser Beckoning, Vhi's Electric Charge, Teleport
                  | Other, Manifold Assault.
     0 | D:1      | Reached XP level 1. HP: 18/18 MP: 0/0
   291 | D:1      | Reached XP level 2. HP: 20/23 MP: 0/0
   716 | D:1      | Reached skill level 3 in Spellcasting
   934 | D:2      | Reached XP level 3. HP: 14/28 MP: 0/0
   934 | D:2      | Learned a level 1 spell: Beastly Appendage
   998 | D:2      | You are sucked into a shaft and drop 2 floors!
  1056 | D:4      | Slain by a howler monkey

Illustrated notes

Levels and vault maps discovered:
D:1:      scummos_arrival_simple_fountains, layout_loops_cross,
          minmay_gold_behind_fungi, wander_ebering_terrifying_dragon_lair
D:2:      layout_loops_ring, dreamdust_ecumenical_altar_hidden_monk_grotto,
          minmay_heptomino_l4
D:4:      layout_loops_cross, minmay_temple_entry_arrows, gup_sewer_entry_spiral

Skill      XL: |  1  2 |
---------------+-------+-----
Spellcasting   | 3 |  3.2
Fighting       | |  2.0
Short Blades   | |  1.7
Throwing       | |  0.7
Armour         | |  1.0
Dodging        | |  2.1

Action                     || total
---------------------------++-------
  Melee: Short sword       ||   111
         Punch             ||     2
         Headbutt          ||     2
   Cast: Beastly Appendage ||     2
 Armour: Leather armour    ||    26
  Dodge: Dodged            ||    61

Table legend: (Time is in decaauts)
 A = Elapsed time spent in this place.
 B = Non-inter-level travel time spent in this place.
 C = Inter-level travel time spent in this place.
 D = Time resting spent in this place.
 E = Time spent auto-exploring this place.
 F = Levels seen in this place.
 G = Mean time per level.
                   A        B        C        D        E       F      G
               +--------+--------+--------+--------+--------+-----+--------+
         Total |   1046 |   1013 |     33 |     22 |    725 |   3 |  348.7 |
       Dungeon |   1046 |   1013 |     33 |     22 |    725 |   3 |  348.7 |
               +--------+--------+--------+--------+--------+-----+--------+

Top non-repeatable levels by time:
     D:1: 804 daAuts
     D:2: 186 daAuts
     D:4: 56 daAuts
